Map: Alcyone LE

Players

kwkw - Winner!

  • Race: Protoss Protoss
  • League: Diamond
  • Spawn Location: 1:00

SubN

  • Race: Zerg Zerg
  • League: Diamond
  • Spawn Location: 7:00

VOD

Have the link to the VOD?

Description

Time

  • Played on: Dec. 31, 2023, 8:03 p.m.
  • Length: 8:01
Show
View Real Time Build Order
Export as new Build Order

kwkw Protoss - Winner!

Build Orders:  

Get SALT Encoding   

  12  0:00  Probe  
  13  0:12  Probe  
  14  0:20  Pylon  
  14  0:24  Probe  
  15  0:39  Gateway, Probe (Chrono Boost)  
  16  0:46  Probe (Chrono Boost)  
  17  0:50  Assimilator  
  17  0:53  Probe  
  18  1:05  Probe  
  19  1:13  Gateway  
  19  1:17  Probe  
  20  1:29  Probe  
  21  1:34  Cybernetics Core  
  21  1:37  Pylon  
  21  1:39  Assimilator  
  21  1:41  Probe  
  22  1:57  Probe  
  23  2:07  Pylon  
  23  2:08  Adept x2 (Chrono Boost)  
  23  2:13  Warp Gate  
  27  2:30  Nexus  
  27  2:32  Probe  
  28  2:45  Probe  
  29  2:57  Probe  
  26  3:36  Adept (Chrono Boost)  
  26  3:40  Pylon  
  30  3:42  Probe  
  30  3:43  Probe  
  32  3:54  Probe  
  32  3:55  Probe  
  34  3:59  Twilight Council  
  34  4:02  Gateway  
  32  4:07  Probe x2, Adept  
  32  4:08  Adept  
  36  4:19  Probe x2  
  36  4:21  Shield Battery  
  36  4:23  Pylon  
  38  4:28  Adept  
  38  4:29  Adept  
  38  4:31  Probe  
  39  4:50  Adept x2  
  41  5:01  Adept  
  43  5:14  Adept  
  43  5:26  Adept  
  44  5:31  Resonating Glaives (Chrono Boost)  
  42  5:36  Adept  
  42  5:39  Gateway  
  42  5:41  Probe  
  42  5:42  Probe, Robotics Facility  
  46  5:45  Robotics Facility  
  46  5:53  Gateway, Probe  
  46  5:54  Probe  
  46  5:55  Gateway  
  46  5:56  Adept  
  50  5:57  Adept  
  42  6:20  Adept  
  42  6:21  Adept  
  46  6:26  Pylon  
  46  6:27  Pylon, Assimilator  
  46  6:28  Probe x2  
  46  6:29  Pylon, Assimilator  
  46  6:31  Immortal  
  46  6:32  Immortal  
  56  6:36  Adept  
  58  6:40  Probe  
  53  6:48  Adept x3  
  53  6:52  Adept  
  53  6:57  Adept  
  53  7:09  Adept x3  
  57  7:18  Adept x2  
  59  7:33  Adept  
  59  7:34  Adept x2  
  63  7:44  Adept x2  
Show
View Real Time Build Order
Export as new Build Order

SubN Zerg 

Build Orders: 3 Hatch before Pool 

Get SALT Encoding   

  12  0:00  Drone  
  13  0:08  Drone  
  14  0:32  Hatchery  
  13  0:36  Drone  
  14  1:02  Hatchery  
  13  1:06  Drone  
  13  1:09  Extractor  
  14  1:11  Drone  
  15  1:26  Spawning Pool  
  14  1:34  Overlord  
  14  1:43  Overlord  
  14  1:50  Drone x2  
  16  1:56  Drone x2  
  18  2:04  Drone  
  21  2:08  Drone x2  
  21  2:17  Queen  
  23  2:27  Queen  
  25  2:34  Zergling x4  
  25  2:35  Zergling x2  
  28  2:38  Zergling x2  
  28  2:43  Drone  
  30  2:44  Drone, Extractor  
  30  2:47  Drone  
  30  2:49  Drone  
  31  3:01  Zergling x10  
  35  3:10  Zergling x6  
  36  3:14  Drone  
  33  3:33  Zergling x12  
  37  3:40  Queen  
  39  3:49  Zergling x4  
  39  3:51  Overlord  
  41  3:57  Metabolic Boost  
  41  4:07  Zergling x2  
  39  4:23  Zergling x16  
  39  4:43  Zergling x4  
  39  4:44  Zergling x10  
  42  4:57  Overlord  
  42  4:59  Queen  
  38  5:19  Zergling x14  
  35  5:40  Baneling Nest  
  35  5:42  Zergling x2  
  35  5:43  Zergling x8  
  35  5:49  Zergling x2  
  41  5:50  Zergling x2  
  35  6:12  Zergling x2  
  35  6:13  Zergling x14  
  41  6:26  Baneling  
  41  6:27  Baneling x7  
  41  6:28  Baneling  
  41  6:29  Baneling  
  41  6:32  Baneling x2  
  41  6:34  Baneling  
  41  6:36  Baneling  
  41  6:37  Baneling  
  41  6:40  Zergling x2  
  36  6:59  Zergling x2  
  36  7:00  Zergling x10  
  35  7:21  Zergling x10  
  35  7:22  Zergling x2  
  37  7:31  Zergling x2  
  37  7:32  Zergling x6  
  38  7:38  Zergling x2  
  38  7:39  Zergling x2  
  38  7:41  Baneling  
  38  7:42  Baneling  
  38  7:43  Baneling  
  39  7:45  Baneling  
Tags
 
Add a new tag
Caveats
  • Supply blocks, unpowered buildings, or Contaminate may cause inaccurate times.
  • Supply counts are checked every 10 seconds.